 Dungeon Crawl Stone Soup version 0.22-a0-293-gc9362ec (webtiles) character file.

333 mhoghedin the Skirmisher (level 6, -1/53 HPs)
             Began as a Ghoul Warper on Mar 24, 2018.
             Was an Initiate of Kikubaaqudgha.
             Slain by an adder (5 damage)
             ... on level 4 of the Dungeon.
             The game lasted 00:07:44 (3386 turns).

mhoghedin the Skirmisher (Ghoul Warper)             Turns: 3386, Time: 00:07:44

Health: -1/53      AC:  3    Str: 15    XL:     6   Next: 52%
Magic:  7/7        EV: 12    Int: 10    God:    Kikubaaqudgha [......]
Gold:   145        SH:  0    Dex:  8    Spells: 4/8 levels left

rFire    . . .     SeeInvis .   k - +2 short sword (protect)
rCold    + . .     Gourm    .   (no shield)
rNeg     + + +     Faith    .   b - +0 leather armour
rPois    ∞         Spirit   .   (no helmet)
rElec    .         Reflect  .   (no cloak)
rCorr    .         Harm     .   (no gloves)
MR       .....                  (no boots)
Stlth    +.........             (no amulet)
HPRegen  0.00/turn              (no ring)
MPRegen  0.10/turn              (no ring)

@: rotting
A: rotting body, claws 1, carnivore, cold resistance 1, negative energy
resistance 3, inhibited regeneration, torment resistance, unbreathing
a: Renounce Religion


You were on level 4 of the Dungeon.
You worshipped Kikubaaqudgha.
Kikubaaqudgha was noncommittal.
You were not hungry.

You visited 2 branches of the dungeon, and saw 5 of its levels.

You collected 145 gold pieces.

Inventory:

Hand Weapons
 a - a +0 spear
 k - a +2 short sword of protection (weapon)
   (You took it off a kobold on level 1 of the Dungeon)
Missiles
 e - 5 tomahawks of dispersal {=f}
 i - 4 tomahawks (quivered)
Armour
 b - a +0 leather armour (worn)
Scrolls
 c - a scroll of remove curse
 d - a scroll of blinking {!r}
 l - 3 scrolls of magic mapping {!r}
Potions
 h - 2 potions of lignification
 m - a potion of haste {unknown}
 o - a potion of berserk rage {unknown}
 r - a potion of cancellation
 s - a potion of curing {unknown}
 u - a potion of brilliance {unknown}
Comestibles
 f - 9 rations
 g - 7 chunks of flesh {@w0}


   Skills:
 + Level 4.6 Fighting
 - Level 3.5 Polearms
 - Level 0.8 Throwing
 - Level 0.8 Armour
 + Level 2.9 Dodging
 - Level 1.7 Spellcasting
 - Level 3.6 Translocations


You had 4 spell levels left.
You knew the following spells:

 Your Spells              Type           Power        Failure   Level  Hunger
a - Shroud of Golubria    Chrm/Tloc      #.........   28%         2    ###....
b - Blink                 Tloc           N/A          13%         2    ###....


Dungeon Overview and Level Annotations

Branches:
Dungeon (4/15)             Temple (1/1) D:4

Altars:
Dithmenos
Elyvilon
Gozag
Kikubaaqudgha
Okawaru
Trog
Uskayaw
Vehumet

Shops:
D:4 [


Innate Abilities, Weirdness & Mutations

Your body is rotting away.
You thrive on raw meat.
You are immune to poison.
You have sharp fingernails.
You are carnivorous and can eat meat at any time.
Your flesh is cold resistant. (rC+)
You are immune to negative energy. (rN+++)
You do not regenerate when monsters are visible.
You are immune to unholy pain and torment.
You can survive without breathing.


Message History

The orc wizard gestures wildly while chanting.
The orc wizard seems to speed up.
The orc wizard is too close now for your liking.
You regained 2 hp, and now have 50/53 hp.
You start resting.
You hit the orc wizard.
Your weapon exudes an aura of protection.
The orc wizard hits you but does no damage.
The orc wizard hits you with a dagger.
You take 1 damage, and have 49/53 hp.
You closely miss the orc wizard. The orc wizard barely misses you.
You hit the orc wizard but do no damage.
The orc wizard gestures at you while chanting.
You resist with some effort.
The orc wizard hits you but does no damage.
You hit the orc wizard but do no damage.
The orc wizard hits you with a dagger. The orc wizard misses you.
You take 1 damage, and have 48/53 hp.
You closely miss the orc wizard. The orc wizard barely misses you.
You hit the orc wizard but do no damage.
The orc wizard hits you with a dagger.
The orc wizard hits you but does no damage.
You take 2 damage, and have 46/53 hp.
You hit the orc wizard.
The orc wizard hits you but does no damage. x2
You hit the orc wizard but do no damage.
The orc wizard gestures at you while chanting.
The magic dart hits you!
You take 3 damage, and have 43/53 hp.
You barely miss the orc wizard.
The orc wizard casts a spell.
The orc wizard blinks!
The orc wizard points at you and mumbles some strange words.
The magic dart hits you!
The adder hisses angrily.
The orc wizard completely misses you. The orc wizard misses you.
You barely miss the orc wizard. The orc wizard misses you.
The orc wizard closely misses you.
You hit the orc wizard.
Your weapon exudes an aura of protection.
The orc wizard barely misses you.
You closely miss the orc wizard. The orc wizard barely misses you.
The adder bites you but does no damage. The orc wizard closely misses you.
You take 5 damage, and have 38/53 hp.
You closely miss the orc wizard. The adder bites you.
The orc wizard closely misses you. The adder bites you.
The orc wizard closely misses you.
You take 5 damage, and have 33/53 hp.
You barely miss the orc wizard. The orc wizard hits you with a dagger.
The adder bites you.
You take 3 damage, and have 30/53 hp.
You closely miss the orc wizard. The orc wizard barely misses you.
The adder misses you. The orc wizard barely misses you.
The adder closely misses you.
You closely miss the orc wizard. The orc wizard hits you with a dagger.
The adder barely misses you.
The orc wizard mumbles some strange words.
The orc wizard blinks!
You take 5 damage, and have 25/53 hp.
The orc wizard gestures wildly while chanting.
The orc wizard blinks!
You closely miss the orc wizard. The orc wizard hits you with a dagger.
The adder bites you. The orc wizard closely misses you.
The adder barely misses you.
You take 6 damage, and have 19/53 hp.
You barely miss the orc wizard. The orc wizard misses you. The adder bites you.
The orc wizard hits you but does no damage.
You take 1 damage, and have 18/53 hp.
You closely miss the orc wizard. The adder completely misses you.
The orc wizard misses you. The adder bites you.
* * * LOW HITPOINT WARNING * * *
You take 4 damage, and have 14/53 hp.
Okay, then.
Unknown command.
The adder bites you.
* * * LOW HITPOINT WARNING * * *
The orc wizard points at you and mumbles some strange words.
The magic dart hits you!
* * * LOW HITPOINT WARNING * * *
You take 7 damage, and have 7/53 hp.
The orc wizard hits you but does no damage.
The orc wizard closely misses you. The adder closely misses you.
The adder closely misses you.
An orc wizard opens the door.
The orc wizard mumbles some strange words.
The orc wizard blinks!
The orc wizard gestures at you while chanting.
You resist with some effort.
The orc wizard is no longer moving quickly.
The orc wizard casts a spell.
The orc wizard blinks!
The adder bites you.
* * * LOW HITPOINT WARNING * * *
You take 1 damage, and have 6/53 hp.
It was a potion of cancellation.
You feel magically purged. The adder bites you.
* * * LOW HITPOINT WARNING * * *
The adder bites you.
You die...
Kikubaaqudgha rasps: "You have failed me!
Welcome... oblivion!"

.........##...#............##...#
####+.#........+...........##....
##....#........#§................
.#....#..##..###'.####.#........#
.#....#####..###..##.............
.'....#.......#..................
.#....#.......#......>...........
##....#..##..#####.....#...##...#
#####.#..######.@#.....+...##...#
##....#..##......S#....#........#
.#...............##.####........#
.#...............##...##........#
.#..............................#
.#...##..##.(#...#.........##...#
##.......#####...##........##...#
##...#....# #...##.........#....
######...## #..............#....


You could see an adder.

Vanquished Creatures
  An ogre (D:4)
  An orc priest (D:3)
  An orc wizard (Temple)
  An iguana (D:4)
  5 adders
  5 worms
  2 dart slugs
  2 leopard geckos
  10 orcs
  3 ball pythons
  5 bat zombies (D:3)
  4 giant cockroaches
  6 goblins
  10 hobgoblins
  3 jackals (D:4)
  10 kobolds
  A quokka (D:3)
  10 bats
  6 frilled lizards
  6 rats
92 creatures vanquished.

Notes
Turn   | Place    | Note
-------+----------+-------------------------------------------
     0 | D:1      | mhoghedin the Ghoul Warper began the quest for the Orb.
     0 | D:1      | Reached XP level 1. HP: 17/17 MP: 2/2
    53 | D:1      | Reached skill level 2 in Polearms
   248 | D:1      | Reached XP level 2. HP: 23/24 MP: 3/3
   550 | D:1      | Reached skill level 3 in Polearms
   599 | D:1      | Reached XP level 3. HP: 24/29 MP: 4/4
   979 | D:2      | Learned a level 2 spell: Blink
   982 | D:2      | Learned a level 2 spell: Shroud of Golubria
  1301 | D:2      | Reached XP level 4. HP: 33/37 MP: 5/5
  1370 | D:2      | Reached skill level 3 in Translocations
  1915 | D:3      | Reached skill level 3 in Fighting
  1933 | D:3      | Reached XP level 5. HP: 20/45 MP: 6/6
  2594 | D:3      | Found an ancient bone altar of Kikubaaqudgha.
  2603 | D:3      | Became a worshipper of Kikubaaqudgha
  2824 | D:4      | Found Iwopseq's Antique Armour Shoppe.
  2830 | D:4      | Noticed an ogre
  2844 | D:4      | Killed an ogre
  2844 | D:4      | Reached skill level 4 in Fighting
  2844 | D:4      | Reached skill level 2 in Dodging
  2844 | D:4      | Reached XP level 6. HP: 53/53 MP: 4/7
  3158 | D:4      | Found a staircase to the Ecumenical Temple.
  3161 | Temple   | Entered the Ecumenical Temple
  3372 | D:4      | HP: 12/53 [adder (2)]
  3383 | D:4      | HP: 6/53 [adder (1)]
  3386 | D:4      | Slain by an adder

Vault maps used:
D:1:      minmay_arrival_stone_box
D:3:      lemuel_zombie_altar_kikubaaqudgha, first_ration
D:4:      minmay_temple_entry_trees, serial_shops, shop, evilmike_ruin_ashenzari
Temple:   grunt_wide_crystal_templ

Skill      XL: |  1  2  3  4  5 |
---------------+----------------+-----
Polearms       | 2 3 |  3.5
Translocations | 3 |  3.6
Fighting       | 3 4 |  4.6
Dodging        | 2 |  2.9
Throwing       | |  0.8
Armour         | |  0.8
Spellcasting   | |  1.7

Action                   |  1- 3 |  4- 6 || total
-------------------------+-------+-------++-------
Melee: Spear             |   115 |       ||   115
       Short sword       |    86 |   248 ||   334
Throw: Tomahawk          |       |     1 ||     1
 Cast: Shroud of Golubri |       |     1 ||     1
  Use: Potion            |       |     3 ||     3
       Scroll            |       |    10 ||    10
  Eat: Chunk             |    12 |    15 ||    27
Armor: Leather armour    |    74 |    89 ||   163
Dodge: Dodged            |   138 |   174 ||   312

Table legend:
 A = Spawn XP
 B = Non-spawn XP
 C = Spawn XP percentage of total XP
 D = Spawn monster count
 E = Non-spawn monster count
 F = Spawn count percentage of total count
 G = Total turns spent on level
                    A         B        C        D         E        F      G
               +---------+---------+-------+---------+---------+-------+---------
         Total |       0 |     476 |   0.0 |       0 |      92 |   0.0 |  3386
               +---------+---------+-------+---------+---------+-------+---------
           D:1 |       0 |      42 |   0.0 |       0 |      25 |   0.0 |   923
           D:2 |       0 |      86 |   0.0 |       0 |      23 |   0.0 |   917
           D:3 |       0 |     132 |   0.0 |       0 |      31 |   0.0 |   998
           D:4 |       0 |     174 |   0.0 |       0 |      11 |   0.0 |   436
        Temple |       0 |      42 |   0.0 |       0 |       2 |   0.0 |   112
               +---------+---------+-------+---------+---------+-------+---------

Vault maps used:
D:1:      minmay_arrival_stone_box
D:3:      lemuel_zombie_altar_kikubaaqudgha, first_ration
D:4:      minmay_temple_entry_trees, serial_shops, shop, evilmike_ruin_ashenzari
Temple:   grunt_wide_crystal_templ

Table legend:
 A = Turns spent in this place as a percentage of turns spent in the entire game.
 B = Non-inter-level travel turns spent in this place as a percentage of non-inter-level travel turns spent in the entire game.
 C = Inter-level travel turns spent in this place as a percentage of turns spent in this place.
 D = Turns resting spent in this place as a percentage of non-inter-level travel turns spent in this place.
 E = Turns spent auto-exploring this place as a percentage of non-inter-level travel turns spent in this place.
 F = Non-inter-level travel turns spent in this place divided by the number of levels of this place that you've seen.
                   A       B       C       D       E      F
               +-------+-------+-------+-------+-------+----------------------
         Total | 100.0 | 100.0 |   2.6 |  19.4 |  52.8 | 659.6
       Dungeon |  96.7 |  96.6 |   2.7 |  17.3 |  54.6 | 796.5
        Temple |   3.3 |   3.4 |   0.0 |  81.2 |   0.0 | 112.0
               +-------+-------+-------+-------+-------+----------------------

Table legend:
 A = Kills in this place as a percentage of kills in entire the game.
 B = Kills by you in this place as a percentage of kills by you in the entire game.
 C = Kills by friends in this place as a percentage of kills by friends in the entire game.
 D = Other kills in this place as a percentage of other kills in the entire game.
 E = Experience gained in this place as a percentage of experience gained in the entire game.
 F = Experience gained in this place divided by the number of levels of this place that you have seen.
                   A       B       C       D       E      F
               +-------+-------+-------+-------+-------+----------------------
         Total | 100.0 | 100.0 |   N/A |   N/A | 100.0 |  95.2
       Dungeon |  97.8 |  97.8 |   N/A |   N/A |  91.2 | 108.5
        Temple |   2.2 |   2.2 |   N/A |   N/A |   8.8 |  42.0
               +-------+-------+-------+-------+-------+----------------------
